 Dungeon Crawl Stone Soup version 0.23.2-1-ga50397a6bc (webtiles) character file.

Game seed: 10888711462672688068

21 Nattfarinn the Conjurer (level 2, -1/22 HPs)
             Began as a Draconian Conjurer on May 30, 2019.
             Slain by an adder (4 damage)
             ... on level 2 of the Dungeon.
             The game lasted 00:02:53 (1179 turns).

Nattfarinn the Conjurer (Draconian Conjurer)        Turns: 1179, Time: 00:02:54

Health: -1/22      AC:  4    Str: 10    XL:     2   Next: 65%
Magic:  1/5        EV: 12    Int: 15    God:
Gold:   103        SH:  0    Dex: 11    Spells: 2/5 levels left

rFire    . . .     SeeInvis .   d - +0 short sword
rCold    . . .     Gourm    .   (no shield)
rNeg     . . .     Faith    .   (armour unavailable)
rPois    .         Spirit   .   (helmet restricted)
rElec    .         Reflect  .   (no cloak)
rCorr    .         Harm     .   (no gloves)
MR       .....                  (no boots)
Stlth    ++........             (no amulet)
HPRegen  0.07/turn              (no ring)
MPRegen  0.09/turn              (no ring)

@: no status effects
A: unfitting armour, cold-blooded, AC +4
a: no special abilities


You were on level 2 of the Dungeon.
You were not hungry.

You visited 1 branch of the dungeon, and saw 2 of its levels.

You collected 103 gold pieces.

Inventory:

Hand Weapons
 d - a +0 short sword (weapon)
Jewellery
 h - an uncursed ring of protection from fire {unknown}
Scrolls
 a - 2 scrolls of identify {unknown}
Potions
 e - a potion of haste {unknown}
 f - a potion of curing {unknown}
 g - a potion of might {unknown}
Comestibles
 b - 6 rations
 c - 2 chunks of flesh


   Skills:
 + Level 0.9 Fighting
 - Level 1.7 Dodging
 - Level 1.7 Stealth
 + Level 2.3 Spellcasting
 * Level 4.4 Conjurations


You had 2 spell levels left.
You knew the following spells:

 Your Spells              Type           Power        Failure   Level  Hunger
a - Magic Dart            Conj           ###.         3%          1    #......
b - Searing Ray           Conj           ###...       5%          2    ###....

Your spell library contained the following spells:

 Spells                   Type           Power        Failure   Level  Hunger
 Dazzling Spray           Conj/Hex       #.....       26%         3    ###....
 Iskenderun's Mystic Bla  Conj           ###.....     34%         4    #####..
 Force Lance              Conj/Tloc      #.......     65%         4    #####..
 Fulminant Prism          Conj/Hex       #.........   65%         4    #####..


Dungeon Overview and Level Annotations

Branches:
Dungeon (2/15)

Altars:


Innate Abilities, Weirdness & Mutations

Your plain brown scales are hard. (AC +4)
You cannot fit into any form of body armour.
You are cold-blooded and may be slowed by cold attacks.


Message History

Aiming: Searing Ray (safe; 5% risk of failure)
Press: ? - help, Shift-Dir - straight line The searing ray hits the kobold.
The kobold is severely wounded. (Press . to maintain the ray.)
The hobgoblin shouts!
The kobold misses you.
Casting: Searing Ray (safe; 5% risk of failure)
Confirm with . or Enter, or press ? or * to list all spells.
Aiming: Searing Ray (safe; 5% risk of failure)
Press: ? - help, Shift-Dir - straight line, f - adder
Aim: an adder The searing ray hits the kobold.
You kill the kobold! (Press . to maintain the ray.)
The adder bites you but does no damage. The adder barely misses you.
The adder barely misses you.
A rat comes into view.
The adder bites you.
You die...

..... #........#.#..##......
#.....##.####.#.#.#..........
#####......).# #..#.#.#.###......
..........#.# #.##r# #.# #.....>
#.#..... #.# #.##.#.#.###......
#.#..... #.###...............#.
#.# #.#.####........#####.##.###.
.# #.....รท.....#### #.##.# #. ##
##.########@# #.##.# #. .## ##..#
#S###### #.##.# #. #.###...#
#.##...###.##.###.
##.#.#..########g#.###...........
..................## ##...#######
.......####.####..# #.....#
######## #.....## ##.###.#
#g####.###..# #.# #.# ##...#.#
#.#


You could see an adder, a hobgoblin and a rat (sleeping).

Vanquished Creatures
  2 giant cockroaches (D:1)
  A hobgoblin (D:1)
  7 bats (D:1)
  A frilled lizard (D:1)
  3 goblins
  4 kobolds
  6 rats
24 creatures vanquished.

Notes
Turn   | Place    | Note
-------+----------+-------------------------------------------
     0 | D:1      | Nattfarinn the Draconian Conjurer began the quest for the
                  | Orb.
     0 | D:1      | Reached XP level 1. HP: 14/14 MP: 3/3
   520 | D:1      | Reached XP level 2. HP: 22/22 MP: 5/5
   528 | D:1      | Learned a level 2 spell: Searing Ray
  1179 | D:2      | Slain by an adder

Action                   || total
-------------------------++-------
Melee: Short sword       ||    57
       Unarmed           ||     5
       Tailslap          ||     3
 Cast: Magic Dart        ||     8
       Searing Ray       ||     2
 Stab: Sleeping          ||     3
  Eat: Chunk             ||     1
Armor: Skin              ||    24
Dodge: Dodged            ||    57
